 Dungeon Crawl Stone Soup version 0.21-a0-525-ga34b322 (webtiles) character file.

51 Amnesiac the Vexing (level 3, 0/26 HPs)
             Began as a Mummy Arcane Marksman on Dec 7, 2017.
             Slain by a water moccasin (1 damage)
             ... on level 2 of the Dungeon.
             The game lasted 00:03:50 (1530 turns).

Amnesiac the Vexing (Mummy Arcane Marksman)         Turns: 1530, Time: 00:03:50

Health: 0/26       AC:  2    Str: 14    XL:     3   Next: 57%
Magic:  1/7        EV: 12    Int: 12    God:
Gold:   73         SH:  0    Dex: 12    Spells: 4/7 levels left

rFire    x . .     SeeInvis .   a - +0 shortbow
rCold    + . .     Gourm    .   (shield currently unavailable)
rNeg     + + +     Faith    .   e - +0 robe
rPois    ∞         Spirit   .   (no helmet)
rElec    .         Reflect  .   (no cloak)
rCorr    .         Harm     .   (no gloves)
MR       .....                  (no boots)
Stlth    +.........             (no amulet)
HPRegen  0.08/turn              (no ring)
MPRegen  0.10/turn              (no ring)

@: no status effects
A: no food or potions, fire vulnerability, cold resistance 1, negative energy
resistance 3, torment resistance, unbreathing
a: no special abilities


You were on level 2 of the Dungeon.
You were not hungry.

You visited 1 branch of the dungeon, and saw 2 of its levels.

You collected 73 gold pieces.

Inventory:

Hand Weapons
 a - a +0 shortbow (weapon)
 b - a +0 trident
 j - a +0 hand axe
Missiles
 d - 36 arrows (quivered)
 f - 18 poisoned needles
Armour
 e - a +0 robe (worn)
Scrolls
 g - a scroll of teleportation {!r, unknown}
 h - 2 scrolls of identify {!r, unknown}
 i - a scroll of enchant armour {!r, unknown}
Books
 c - a book of Debilitation

   Spells                             Type                      Level
   a - Corona                         Hexes                        1
   b - Slow                           Hexes                        2
   c - Inner Flame                    Hexes/Fire                   3
   d - Portal Projectile              Hexes/Translocation          3
   e - Cause Fear                     Hexes                        4
   f - Leda's Liquefaction            Hexes/Earth                  4


   Skills:
 + Level 1.6 Fighting
 + Level 2.0 Bows
 + Level 0.6 Armour
 - Level 1.7 Dodging
 * Level 2.6 Spellcasting
 - Level 3.0 Hexes


You had 4 spell levels left.
You knew the following spells:

 Your Spells              Type           Power        Failure   Level  Hunger
a - Corona                Hex            #......      8%          1    N/A
e - Slow                  Hex            #.......     11%         2    N/A

Dungeon Overview and Level Annotations

Branches:
Dungeon (2/15)

Altars:
Makhleb


Innate Abilities, Weirdness & Mutations

You do not eat or drink.
Your flesh is vulnerable to fire.
You are immune to poison.
Your flesh is cold resistant. (rC+)
You are immune to negative energy. (rN+++)
You are immune to unholy pain and torment.
You can survive without breathing.


Message History

Firing (i - inventory):
d - 41 arrows (quivered)
Press: ? - help, Shift-Dir - straight line, f/p - water moccasin
Aim: a water moccasin (moderately wounded, slow, softly glowing)
You shoot an arrow. The arrow hits the water moccasin!
The water moccasin is heavily wounded.
The water moccasin bites you.
Firing (i - inventory):
d - 40 arrows (quivered)
Press: ? - help, Shift-Dir - straight line, f/p - water moccasin
Aim: a water moccasin (heavily wounded, slow, softly glowing)
You shoot an arrow. The arrow hits the water moccasin.
The water moccasin is severely wounded.
The water moccasin bites you.
Firing (i - inventory):
d - 39 arrows (quivered)
Press: ? - help, Shift-Dir - straight line, f/p - water moccasin
Aim: a water moccasin (severely wounded, slow, softly glowing)
You shoot an arrow. The arrow hits the water moccasin.
The water moccasin is severely wounded.
The water moccasin bites you.
* * * LOW HITPOINT WARNING * * *
The water moccasin bites you.
* * * LOW HITPOINT WARNING * * *
Firing (i - inventory):
d - 38 arrows (quivered)
Press: ? - help, Shift-Dir - straight line, f/p - water moccasin
Aim: a water moccasin (severely wounded, slow, softly glowing)
You shoot an arrow.
The arrow closely misses the water moccasin.
The water moccasin barely misses you.
Firing (i - inventory):
d - 37 arrows (quivered)
Press: ? - help, Shift-Dir - straight line, f/p - water moccasin
Aim: a water moccasin (severely wounded, slow, softly glowing)
You shoot an arrow.
The arrow closely misses the water moccasin.
The water moccasin stops glowing.
The water moccasin bites you.
* * * LOW HITPOINT WARNING * * *
The water moccasin is no longer moving slowly.
The water moccasin barely misses you.
Casting: Corona
Confirm with . or Enter, or press ? or * to list all spells.
Aiming: Slow
Press: ? - help, Shift-Dir - straight line, f/p - water moccasin
Aim: a water moccasin (severely wounded, chance to defeat MR: 43%)
The water moccasin resists with some effort.
The water moccasin bites you but does no damage.
The water moccasin barely misses you.
Unknown command.
Casting: Slow
Confirm with . or Enter, or press ? or * to list all spells.
Aiming: Slow
Press: ? - help, Shift-Dir - straight line, f/p - water moccasin
Aim: a water moccasin (severely wounded, chance to defeat MR: 43%)
The water moccasin resists with some effort.
The water moccasin closely misses you.
Unknown command.
The water moccasin bites you!
* * * LOW HITPOINT WARNING * * *
You can't drink.
Okay, then.
Unknown command.
Unknown command.
Unknown command.
Unknown command.
Unknown command.
The water moccasin bites you.
You die...

#.#........'..#.#..+..
#####.#.########..._...###
.......†..((...'..#.#.....
#####%..########.......###
........# #.......#
#####..)# ###########
#...# #. ##...#########
### #. #..>..@....... ..
#. ##.#.S######## #.## #.
#.#..# ..# ## ..#..#####
#.# ####.....%# #.##
......####.########..#
####### #.#.........##
#(#.#######..#
#.#.#<....#..##


You could see a water moccasin.

Vanquished Creatures
  An adder (D:2)
  2 dart slugs (D:1)
  A ball python (D:2)
  A giant cockroach (D:1)
  5 goblins
  7 hobgoblins (D:1)
  9 kobolds
  5 bats
  3 frilled lizards (D:1)
  3 rats (D:1)
37 creatures vanquished.

Vanquished Creatures (others)
  5 toadstools (D:1)
5 creatures vanquished.

Grand Total: 42 creatures vanquished

Notes
Turn   | Place    | Note
-------+----------+-------------------------------------------
     0 | D:1      | Amnesiac the Mummy Arcane Marksman began the quest for the Orb.
     0 | D:1      | Reached XP level 1. HP: 15/15 MP: 2/2
   182 | D:1      | Reached XP level 2. HP: 18/21 MP: 0/4
   722 | D:1      | Reached XP level 3. HP: 15/26 MP: 6/6
   836 | D:1      | Learned a level 2 spell: Slow
  1409 | D:2      | Reached skill level 3 in Hexes
  1415 | D:2      | Found a burning altar of Makhleb.
  1510 | D:2      | Noticed a water moccasin
  1528 | D:2      | HP: 1/26 [water moccasin (7)]
  1530 | D:2      | Slain by a water moccasin

Vault maps used:
D:1:      ldierk_walled_garden, minmay_misc_feat_plants, minivault_27,
          minivault_23
D:2:      lemuel_crystal_altar, first_bread

Skill      XL: |  1  2  3 |
---------------+----------+-----
Spellcasting   | 2 |  2.6
Bows           | 2 |  2.0
Hexes          | 3 |  3.0
Fighting       | |  1.6
Armour         | |  0.6
Dodging        | |  1.7

Action                   || total
-------------------------++-------
Melee: Hand axe          ||    24
       Trident           ||    26
 Fire: Shortbow          ||    71
 Cast: Corona            ||    30
       Slow              ||     6
Armor: Robe              ||    18
Dodge: Dodged            ||    76

Table legend:
 A = Spawn XP
 B = Non-spawn XP
 C = Spawn XP percentage of total XP
 D = Spawn monster count
 E = Non-spawn monster count
 F = Spawn count percentage of total count
 G = Total turns spent on level
                    A         B        C        D         E        F      G
               +---------+---------+-------+---------+---------+-------+---------
         Total |       0 |      73 |   0.0 |       0 |      37 |   0.0 |  1530
               +---------+---------+-------+---------+---------+-------+---------
           D:1 |       0 |      48 |   0.0 |       0 |      28 |   0.0 |  1136
           D:2 |       0 |      25 |   0.0 |       0 |       9 |   0.0 |   394
               +---------+---------+-------+---------+---------+-------+---------
